 Dungeon Crawl Stone Soup version 0.19-a0-1889-g9c603be (webtiles) character file.

913 Lochraine the Cutter (level 8, -4/54 HPs)
             Began as a Human Wanderer on Oct 17, 2016.
             Was an Initiate of Gozag.
             Slain by an ogre
             ... wielding a +0 giant club
              (21 damage)
             ... on level 5 of the Dungeon.
             The game lasted 00:23:06 (5789 turns).

Lochraine the Cutter (Human Wanderer)               Turns: 5789, Time: 00:23:07

Health: -4/54      AC: 10    Str: 15    XL:     8   Next: 30%
Magic:  11/11      EV: 11    Int: 11    God:    Gozag
Gold:   351        SH:  0    Dex: 14    Spells: 0 memorised, 7 levels left

rFire  . . .     SeeInvis .     j - -1 short sword (curse)
rCold  . . .     Gourm    +     a - +3 scale mail
rNeg   . . .     Faith    .     (no shield)
rPois  .         Spirit   .     (no helmet)
rElec  .         Reflect  .     (no cloak)
rCorr  .         Harm     .     (no gloves)
MR     .....     Clarity  +     (no boots)
Stlth  +.........               g - amulet of the gourmand
                                C - ring of stealth
                                l - +2 ring of evasion

@: no status effects
A: blurry vision 1, clarity, subdued magic 1
a: Potion Petition, Call Merchant, Bribe Branch, Renounce Religion


You were on level 5 of the Dungeon.
You worshipped Gozag.
Gozag was aware of your devotion.
You were not hungry.

You visited 1 branch of the dungeon, and saw 7 of its levels.

You collected 620 gold pieces.
You spent 235 gold pieces at shops.
You paid 34 gold pieces to Gozag.

Inventory:

Hand Weapons
 j - a cursed -1 short sword (weapon)
 q - a +1 flail
 v - the cursed +0 falchion "Bool Fax" {flame, +Blink Str-2 Dex-5 Stlth+}
   (You found it on level 4 of the Dungeon)

   It has been specially enchanted to burn those struck by it, causing extra
   injury to most foes and up to half again as much damage against particularly
   susceptible opponents.
   Big, fiery blades are also staple armaments of hydra-hunters.
   It affects your strength (-2).
   It affects your dexterity (-5).
   It lets you blink.
   It makes you more stealthy.
   It has a curse placed upon it.
Missiles
 d - 4 needles of sleeping
 k - 11 poisoned needles
 r - 95 stones (quivered)
 t - 2 tomahawks
Armour
 a - a +3 scale mail (worn)
Jewellery
 g - an amulet of the gourmand (around neck)
 l - a +2 ring of evasion (left hand)
 x - a +4 ring of dexterity {unknown}
 z - an uncursed ring of flight {unknown}
 C - a ring of stealth (right hand)
Wands
 b - a wand of flame (0/48)
 c - a wand of random effects (0/48)
 p - a wand of lightning (0/15)
Scrolls
 e - 4 scrolls of identify
 h - 3 scrolls of teleportation
 w - a scroll of amnesia
 y - 2 scrolls of fear
 A - a scroll of magic mapping
Potions
 m - 9 potions of degeneration
 o - a potion of heal wounds {unknown}
 s - a potion of mutation
 u - 2 potions of lignification
Comestibles
 f - 2 bread rations
 i - 6 meat rations
 n - 2 fruits


   Skills:
 - Level 1.4 Fighting
 - Level 6.1 Short Blades
   Level 5.0 Bows
 - Level 4.0 Armour
 + Level 1.2 Stealth
   Level 1.0 Shields
 - Level 5.3 Evocations


You had 7 spell levels left.
You didn't know any spells.

Dungeon Overview and Level Annotations

Branches:
Dungeon (7/15)
 Temple: D:4-7

Altars:
Cheibriados
Fedhas
Gozag
Xom


Innate Abilities, Weirdness & Mutations

Scrolls take you a little longer to read.
You possess an exceptional clarity of mind.
Your spells are a little easier to cast, but a little less powerful.


Message History

Okay, then.
You hit the ogre.
The ogre is severely wounded.
The ogre hits you with a giant club!
You hit the ogre but do no damage.
The ogre is severely wounded.
The ogre hits you with a giant club.
* * * LOW HITPOINT WARNING * * *
You see here 7 gold pieces.
There is a stone staircase leading down here.
Okay, then.
You hit the ogre.
The ogre is almost dead.
Evoke which item? (* to show all) (? for menu, Esc to quit)
Okay, then.
You barely miss the ogre.
The ogre is almost dead.
The ogre hits you with a giant club!!
You die...
Your body crumbles into a pile of gold.

#......# ## #....... ###.####
######.# ....#.. ######## #.....#
#.(.#.# #......# #.##### #.###.#
#......# #.#....
$.....####......###########.#.###
#....###............)............
...<.$.$>......O@................
.#...)####......#################
......# ######## ######.......
.#.##.# #....#.#####. ......#
#.##.#....... .######
#.##.#....#.. . #....#?.#.#..
###..##.#.#.. #..#....##.


You could see an ogre.

Vanquished Creatures
  An ice beast (D:7)
  A sky beast (D:7)
  An ogre (D:5)
  A bullfrog (D:7)
  A scorpion (D:4)
  A howler monkey (D:4)
  A crimson imp (D:5)
  An orc priest (D:5)
  3 hounds
  An iguana (D:3)
  A worker ant (D:5)
  3 orc wizards (D:4)
  A hound skeleton (D:4)
  3 gnolls (D:7)
  7 adders
  A shadow imp (D:5)
  An ooze (D:3)
  4 worms
  A leopard gecko (D:4)
  18 orcs
  A giant cockroach (D:5)
  6 goblins
  2 hobgoblins
  6 jackals (D:4)
  A quokka (D:3)
  A ball python (D:4)
  5 bats
  8 frilled lizards
  3 kobolds
  7 rats
92 creatures vanquished.

Vanquished Creatures (collateral kills)
  A goblin (D:3)
1 creature vanquished.

Grand Total: 93 creatures vanquished

Notes
Turn   | Place    | Note
-------+----------+-------------------------------------------
     0 | D:1      | Lochraine the Human Wanderer began the quest for the Orb.
     0 | D:1      | Lochraine set off with: a +2 scale mail, a potion of lignification, a wand of random effects (15/48), a +0 club, a bread ration
     0 | D:1      | Reached XP level 1. HP: 13/13 MP: 1/1
   184 | D:1      | Reached XP level 2. HP: 19/19 MP: 2/2
   540 | D:2      | Found a shimmering altar of Xom.
   540 | D:2      | Found a shimmering altar of Xom.
   541 | D:2      | Found a shimmering altar of Xom.
  1167 | D:3      | Reached XP level 3. HP: 20/24 MP: 3/3
  1414 | D:3      | Reached skill level 1 in Short Blades
  1489 | D:3      | Found a blossoming altar of Fedhas.
  1489 | D:3      | Found an opulent altar of Gozag.
  1489 | D:3      | Found a snail-covered altar of Cheibriados.
  1495 | D:3      | Gained mutation: Your spells are a little easier to cast, but a little less powerful. [potion of mutation]
  1495 | D:3      | Gained mutation: Scrolls take you a little longer to read. [potion of mutation]
  1495 | D:3      | Gained mutation: You possess an exceptional clarity of mind. [potion of mutation]
  1495 | D:3      | HP: 1/24 [poisoned by an adder]
  1512 | D:3      | Reached skill level 2 in Short Blades
  1512 | D:3      | Reached XP level 4. HP: 7/30 MP: 4/4
  1602 | D:3      | Became a worshipper of Gozag Ym Sagoz the Greedy
  1911 | D:3      | Reached skill level 3 in Short Blades
  2317 | D:3      | Reached XP level 5. HP: 27/35 MP: 5/5
  2599 | D:4      | Reached skill level 1 in Fighting
  2854 | D:4      | Reached XP level 6. HP: 22/43 MP: 7/7
  3621 | D:4      | Got a faintly glowing falchion
  3624 | D:4      | Identified the cursed +0 falchion "Bool Fax" {flame, +Blink Str-2 Dex-5 Stlth+} (You found it on level 4 of the Dungeon)
  3806 | D:5      | Entered Level 5 of the Dungeon
  3838 | D:5      | Reached XP level 7. HP: 33/48 MP: 10/10
  4075 | D:5      | Reached skill level 5 in Evocations
  4435 | D:5      | Found Ugainua's Magic Scroll Emporium.
  4454 | D:5      | Bought a scroll of teleportation for 33 gold pieces
  4454 | D:5      | Bought a scroll of identify for 22 gold pieces
  4454 | D:5      | Bought a scroll of fear for 38 gold pieces
  4454 | D:5      | Bought a scroll of magic mapping for 38 gold pieces
  4454 | D:5      | Bought a scroll of enchant weapon for 82 gold pieces
  4454 | D:5      | Bought a scroll of identify for 22 gold pieces
  4525 | D:4      | You fall through a shaft for 3 floors!
  4694 | D:7      | Reached skill level 4 in Short Blades
  5189 | D:7      | Reached skill level 5 in Short Blades
  5189 | D:7      | Reached XP level 8. HP: 32/54 MP: 11/11
  5528 | D:5      | Reached skill level 6 in Short Blades
  5765 | D:5      | Reached skill level 1 in Stealth
  5789 | D:5      | Slain by an ogre

Vault maps used:
D:1:      lightli_arrival_noodles, roderic_bipointed_swastika
D:2:      xom_redecorated
D:3:      gammafunk_temple_overflow_forgotten, first_bread
D:4:      portal_sewer_entry_d
D:5:      serial_shops, shop_scrolls
D:6:      enter_ossuary_4
D:7:      kb_forest_paths, lemuel_crystal_altar, enter_bailey_7,
          minmay_misc_feat_pillars, grunt_decor_fettered, patterned_corridor,
          uniq_crazy_yiuf_cottage

Skill      XL: |  1  2  3  4  5  6  7  8 |
---------------+-------------------------+-----
Armour         | 4 |  4.0
Short Blades   | 2 3 5 6 |  6.1
Fighting       | 1 |  1.4
Evocations     | 2 4 5 |  5.3
Stealth        | 1 |  1.2
Bows           | |  5.0
Shields        | |  1.0

Action                   |  1- 3 |  4- 6 |  7- 9 || total
-------------------------+-------+-------+-------++-------
Melee: Club              |    33 |       |       ||    33
       Short sword       |   167 |   368 |   230 ||   765
Throw: Stone             |     4 |     5 |     3 ||    12
       Tomahawk          |       |       |     2 ||     2
Invok: Potion Petition   |       |     1 |       ||     1
Evoke: Wand              |    11 |    26 |    15 ||    52
  Use: Scroll            |     5 |     4 |     7 ||    16
       Potion            |     5 |     1 |     2 ||     8
 Stab: Paralysed         |       |     3 |       ||     3
  Eat: Chunk             |     2 |     1 |       ||     3
       Bread ration      |       |     2 |     1 ||     3
       Fruit             |       |       |     1 ||     1
Armor: Scale mail        |   145 |   109 |   122 ||   376
       Skin              |     8 |       |       ||     8
Dodge: Dodged            |   116 |   126 |   101 ||   343
